Map: Romanticide LE

Players

HellraiseR - Winner!

  • Race: Protoss Protoss
  • League: Master
  • Spawn Location: 5:00

ShaDoWn

  • Race: Protoss Protoss
  • Spawn Location: 11:00

Event: DreamHack SC2 Masters 2020 Winter

VOD

Have the link to the VOD?

Description

Time

  • Played on: Oct. 24, 2020, 12:31 p.m.
  • Length: 13:26

All games in this series

Show
View Real Time Build Order
Export as new Build Order

HellraiseR Protoss - Winner!

Build Orders: Phoenix Opening 

Get SALT Encoding   

  12  0:00  Probe  
  13  0:12  Probe  
  14  0:18  Pylon  
  14  0:24  Probe (Chrono Boost)  
  15  0:36  Gateway  
  15  0:37  Probe (Chrono Boost)  
  16  0:44  Probe (Chrono Boost)  
  16  0:45  Assimilator  
  17  0:51  Probe  
  17  0:54  Assimilator  
  18  1:03  Probe (Chrono Boost)  
  19  1:10  Gateway  
  19  1:12  Probe (Chrono Boost)  
  19  1:18  Probe (Chrono Boost)  
  20  1:23  Cybernetics Core  
  21  1:30  Probe  
  22  1:34  Pylon  
  22  1:42  Probe  
  24  1:54  Probe  
  24  2:00  Stalker x2  
  28  2:02  Warp Gate  
  28  2:06  Probe  
  29  2:13  Pylon  
  29  2:33  Sentry x2  
  32  2:45  Nexus  
  32  2:52  Shield Battery  
  32  2:55  Probe  
  33  3:02  Stalker  
  35  3:07  Probe  
  35  3:09  Phoenix  
  35  3:10  Sentry  
  38  3:15  Pylon  
  38  3:19  Probe  
  39  3:28  Twilight Council  
  39  3:33  Probe  
  40  3:45  Probe  
  41  3:57  Probe x2 (Chrono Boost)  
  43  4:07  Forge, Probe x2 (Chrono Boost)  
  45  4:10  Blink  
  45  4:11  Probe (Chrono Boost)  
  45  4:12  Probe (Chrono Boost)  
  47  4:23  Probe (Chrono Boost)  
  47  4:24  Stalker, Probe (Chrono Boost)  
  51  4:34  Protoss Ground Weapons Level 1 (Chrono Boost), Probe x2 (Chrono Boost)  
  53  4:39  Probe x2 (Chrono Boost)  
  53  4:44  Stalker  
  57  4:47  Photon Cannon  
  57  4:50  Probe x2  
  57  4:51  Stalker  
  61  5:02  Probe  
  61  5:04  Pylon  
  62  5:10  Nexus  
  62  5:22  Gateway, Robotics Facility  
  62  5:25  Gateway  
  62  5:28  Probe x2  
  64  5:32  Assimilator, Stalker  
  66  5:40  Probe  
  67  5:45  Probe  
  67  5:48  Gateway  
  67  5:49  Gateway  
  68  5:52  Probe  
  69  6:00  Photon Cannon  
  70  6:06  Photon Cannon  
  70  6:07  Probe  
  70  6:08  Pylon  
  70  6:09  Shield Battery  
  70  6:15  Pylon  
  70  6:22  Probe  
  71  6:28  Stalker x4  
  71  6:29  Probe  
  71  6:31  Observer (Chrono Boost), Protoss Ground Weapons Level 2 (Chrono Boost), Probe  
  82  6:34  Charge, Probe  
  83  6:41  Probe  
  83  6:43  Probe  
  83  6:46  Probe  
  86  6:50  Immortal (Chrono Boost)  
  86  6:53  Probe  
  91  6:55  Probe  
  91  6:57  Pylon  
  91  6:58  Probe  
  93  7:05  Probe  
  93  7:06  Stalker x3  
  93  7:07  Probe  
  101  7:15  Pylon x2  
  102  7:19  Gateway  
  102  7:20  Gateway  
  101  7:23  Observer (Chrono Boost)  
  102  7:35  Stalker x2  
  106  7:38  Probe  
  106  7:40  Nexus  
  106  7:42  Pylon  
  106  7:43  Probe  
  108  7:47  Probe, Dark Shrine  
  108  7:50  Stalker, Probe  
  112  7:51  Warp Prism (Chrono Boost)  
  112  7:56  Probe  
  115  8:00  Probe  
  115  8:02  Probe  
  117  8:08  Probe  
  117  8:10  Photon Cannon  
  117  8:12  Probe  
  119  8:14  Probe  
  119  8:15  Photon Cannon  
  119  8:16  Zealot x4  
  128  8:27  Stalker x2  
  128  8:33  Protoss Ground Weapons Level 3 (Chrono Boost)  
  128  8:34  Pylon  
  132  8:36  Pylon  
  132  8:39  Shield Battery  
  132  8:43  Pylon  
  132  8:44  Pylon  
  132  8:48  Assimilator  
  132  8:53  Stalker x4  
  140  9:03  Probe x2  
  140  9:06  Nexus  
  140  9:08  Pylon  
  134  9:27  Stalker x4  
  134  9:28  Stalker x2  
  134  9:31  Assimilator  
  146  9:37  Photon Cannon, Probe x3  
  149  9:39  Photon Cannon, Pylon  
  149  9:41  Photon Cannon, Observer, Shield Battery  
  149  9:44  Probe  
  151  9:50  Probe x2  
  153  9:55  Stalker x5  
  153  9:59  Zealot x3  
  169  10:00  Probe  
  169  10:04  Pylon  
  170  10:08  Observer  
  170  10:10  Gateway, Unknown  
  170  10:13  Gateway  
  171  10:19  Stalker x3  
  177  10:24  Probe x3  
  180  10:29  Robotics Bay  
  180  10:31  Zealot x2  
  180  10:32  Zealot x3  
  191  10:35  Observer  
  191  10:41  Photon Cannon  
  191  10:42  Pylon  
  191  10:46  Photon Cannon  
  191  10:47  Pylon  
  191  10:59  Protoss Ground Armor Level 1 (Chrono Boost)  
  191  11:10  Stalker x4, Gateway  
  199  11:12  Gateway  
  199  11:14  Pylon  
  199  11:17  Zealot  
  199  11:24  Zealot x4  
  196  11:26  Zealot  
  196  11:27  Probe x2  
  196  11:28  Probe x2  
  196  11:32  Disruptor (Chrono Boost)  
  195  11:43  Robotics Facility  
  195  11:46  Robotics Facility  
  192  11:52  Stalker x6  
  192  11:53  Stalker  
  199  11:56  Photon Cannon, Shield Battery  
  191  12:02  Disruptor (Chrono Boost)  
  191  12:04  Pylon  
  194  12:13  Shield Battery  
  194  12:15  Nexus  
  191  12:18  Photon Cannon  
  191  12:20  Pylon  
  185  12:27  Pylon x3  
  167  12:32  Pylon  
  167  12:33  Pylon  
  167  12:35  Pylon  
  151  12:46  Disruptor  
  151  12:47  Stalker  
  147  13:04  Zealot x8  
  147  13:05  Probe  
  151  13:19  Pylon  
Show
View Real Time Build Order
Export as new Build Order

ShaDoWn Protoss 

Build Orders: Blink Stalkers, Dark Templar Rush 

Get SALT Encoding   

  12  0:00  Probe  
  13  0:12  Probe  
  14  0:17  Pylon  
  14  0:24  Probe  
  15  0:36  Gateway, Probe (Chrono Boost)  
  16  0:47  Assimilator, Probe (Chrono Boost)  
  17  0:51  Probe (Chrono Boost)  
  17  0:55  Assimilator  
  18  1:03  Probe (Chrono Boost)  
  19  1:12  Gateway, Probe (Chrono Boost)  
  19  1:17  Probe (Chrono Boost)  
  20  1:23  Cybernetics Core  
  21  1:29  Probe  
  22  1:35  Pylon  
  22  1:41  Probe  
  23  1:53  Probe  
  24  2:00  Stalker x2  
  24  2:01  Warp Gate  
  28  2:05  Probe  
  29  2:14  Pylon  
  29  2:18  Probe  
  30  2:30  Probe  
  30  2:33  Stalker x2  
  35  3:00  Nexus  
  35  3:09  Twilight Council  
  35  3:10  Probe  
  36  3:16  Pylon  
  36  3:22  Probe  
  37  3:34  Probe  
  37  3:36  Forge  
  38  3:46  Blink (Chrono Boost), Dark Shrine  
  38  3:47  Probe  
  39  3:55  Sentry  
  41  3:59  Probe  
  42  4:09  Protoss Ground Weapons Level 1  
  42  4:11  Probe (Chrono Boost)  
  42  4:12  Probe (Chrono Boost)  
  44  4:21  Probe (Chrono Boost)  
  44  4:22  Probe (Chrono Boost)  
  46  4:27  Probe x2 (Chrono Boost)  
  48  4:37  Photon Cannon  
  48  4:38  Probe (Chrono Boost)  
  50  4:43  Probe (Chrono Boost)  
  50  4:45  Probe (Chrono Boost)  
  51  4:48  Assimilator  
  51  4:49  Probe  
  51  4:52  Probe  
  52  4:58  Dark Templar x2  
  57  5:01  Probe  
  57  5:03  Nexus  
  57  5:06  Pylon  
  58  5:07  Probe  
  58  5:13  Probe  
  60  5:19  Pylon, Robotics Facility  
  60  5:20  Probe  
  61  5:26  Shield Battery  
  61  5:27  Probe  
  60  5:32  Stalker, Probe  
  60  5:34  Stalker  
  63  5:39  Probe  
  64  5:45  Probe  
  64  5:49  Gateway  
  65  5:50  Gateway  
  65  5:55  Shield Battery  
  65  5:59  Probe  
  65  6:02  Stalker x2  
  65  6:04  Probe  
  71  6:07  Observer (Chrono Boost)  
  72  6:11  Probe, Protoss Ground Weapons Level 2 (Chrono Boost)  
  75  6:19  Immortal (Chrono Boost)  
  75  6:23  Probe  
  80  6:27  Stalker  
  80  6:30  Probe  
  80  6:31  Photon Cannon, Probe  
  82  6:35  Probe  
  82  6:38  Stalker  
  85  6:42  Gateway  
  85  6:43  Stalker, Probe  
  85  6:45  Probe  
  89  6:47  Gateway  
  89  6:48  Stalker  
  89  6:51  Pylon  
  91  6:54  Probe  
  91  6:56  Assimilator  
  91  6:58  Probe  
  91  7:00  Assimilator  
  93  7:03  Pylon  
  93  7:09  Assimilator, Probe  
  93  7:11  Stalker x3  
  93  7:13  Probe  
  93  7:14  Pylon  
  101  7:22  Stalker  
  104  7:28  Gateway  
  104  7:29  Gateway, Probe  
  105  7:35  Stalker x2  
  108  7:39  Nexus  
  108  7:41  Pylon  
  108  7:49  Photon Cannon  
  108  7:54  Observer  
  109  7:58  Pylon  
  109  8:01  Stalker x4  
  117  8:14  Dark Shrine  
  117  8:16  Probe x3  
  117  8:18  Photon Cannon  
  117  8:19  Stalker x2, Pylon  
  124  8:28  Probe  
  124  8:29  Shield Battery  
  124  8:31  Photon Cannon, Protoss Ground Weapons Level 3 (Chrono Boost)  
  125  8:36  Pylon  
  125  8:37  Probe x2  
  125  8:39  Stalker  
  125  8:40  Sentry  
  125  8:41  Probe  
  132  8:50  Probe  
  132  8:51  Probe x2  
  132  8:52  Stalker x2  
  132  8:53  Probe  
  132  8:54  Stalker  
  142  8:56  Stalker  
  142  8:59  Stalker  
  142  9:02  Stalker  
  148  9:03  Probe  
  148  9:07  Assimilator  
  148  9:08  Assimilator  
  149  9:10  Pylon  
  149  9:11  Stalker  
  149  9:18  Stalker x3  
  149  9:23  Stalker  
  149  9:24  Stalker  
  151  9:26  Stalker  
  153  9:32  Shadow Stride (Chrono Boost)  
  153  9:35  Pylon  
  153  9:37  Stalker x2  
  153  9:38  Pylon  
  157  9:39  Warp Prism (Chrono Boost)  
  159  9:50  Stalker x2  
  163  9:54  Pylon  
  163  10:00  Stalker x4  
  163  10:01  Stalker  
  163  10:03  Pylon  
  173  10:08  Shield Battery  
  173  10:14  Dark Templar x3  
  175  10:17  Charge  
  179  10:24  Dark Templar  
  179  10:27  Nexus  
  181  10:33  Stalker, Pylon  
  183  10:42  Robotics Facility  
  180  10:58  Pylon  
  180  11:07  Probe  
  179  11:16  Zealot x3  
  179  11:17  Stalker x3  
  179  11:18  Stalker x2  
  193  11:19  Nexus, Probe  
  186  11:33  Robotics Bay, Pylon  
  186  11:36  Pylon x2  
  186  11:38  Pylon  
  186  11:42  Stalker x7  
  186  11:45  Immortal  
  187  12:06  Stalker x2  
  129  12:33  Disruptor (Chrono Boost)  
  129  12:35  Pylon  
  105  12:37  Pylon  
  105  12:38  Pylon  
  86  12:53  Stalker x6  
  71  13:14  Nexus  
Tags
 
Add a new tag
Caveats
  • Supply blocks, unpowered buildings, or Contaminate may cause inaccurate times.
  • Supply counts are checked every 10 seconds.